 Dungeon Crawl Stone Soup version 0.25-a0-474-ga8a2ee3166 (webtiles) character file.

Game seed: 10244043899039099066, levelgen mode: deterministic

7319 Fukker the Martial Artist (level 10, -2/82 HPs)
             Began as a Black Draconian Transmuter on Feb 1, 2020.
             Was a Priest of Hepliaklqana.
             Slain by a killer bee (7 damage)
             ... summoned by a glowing orange brain
             ... on level 9 of the Dungeon on Feb 7, 2020.
             The game lasted 00:29:43 (9269 turns).

Fukker the Martial Artist (DrTm)                    Turns: 9269, Time: 00:29:44

Health: -2/82      AC:  4    Str: 16      XL:     10   Next: 90%
Magic:  0/13       EV: 11    Int: 17 (19) God:    Hepliaklqana [***...]
Gold:   498        SH:  0    Dex: 14      Spells: 0/13 levels left

rFire    x . .     SeeInvis .     - Unarmed
rCold    + + +     Gourm    .   (shield currently unavailable)
rNeg     . . .     Faith    .   (armour unavailable)
rPois    +         Spirit   +   (helmet currently unavailable)
rElec    .         Reflect  .   (cloak currently unavailable)
rCorr    .         Harm     .   (gloves currently unavailable)
MR       .....                  (boots currently unavailable)
Stlth    +.........             x - amulet of guardian spirit
HPRegen  0.23/turn              v - +1 ring of protection
MPRegen  0.13/turn              d - +3 ring of strength

@: brilliant, about to teleport, ice-form, corroded
A: large, (breathe lightning), unfitting armour, reduced essence, AC +7
a: End Transformation, Recall Ancestor, Ancestor Identity, Transference,
Renounce Religion


You were on level 9 of the Dungeon.
You worshipped Hepliaklqana.
Hepliaklqana was most pleased with you.
You were hungry.
You were a creature of crystalline ice.
You visited 1 branch of the dungeon, and saw 9 of its levels.

You collected 498 gold pieces.

Inventory:

Hand Weapons
 h - a +1 hunting sling
Missiles
 a - 198 arrows
 b - 323 stones (quivered)
 p - 12 sling bullets
 E - 7 javelins
Jewellery
 d - a +3 ring of strength (right front paw)
 s - an uncursed ring of teleportation
 v - a +1 ring of protection (left front paw)
 x - an amulet of guardian spirit (around neck)
 y - an uncursed ring of resist corrosion
 A - an uncursed ring of poison resistance
Wands
 q - a wand of random effects (16)
 u - a wand of iceblast (6)
 z - a wand of disintegration (16)
 C - a wand of enslavement (12)
 F - a wand of digging (4)
Scrolls
 e - 5 scrolls of identify
 i - 3 scrolls of immolation
 j - 6 scrolls of remove curse
 k - 4 scrolls of teleportation
 n - a scroll of fear
 r - 2 scrolls of fog
 t - a scroll of vulnerability {unknown}
 w - 3 scrolls of enchant armour
Potions
 f - a potion of curing
 g - 2 potions of brilliance
 l - a potion of might
 m - 2 potions of lignification
 o - 2 potions of haste
 D - 2 potions of resistance
Comestibles
 c - 19 rations
 G - a chunk of flesh


   Skills:
 * Level 3.5 Fighting
 * Level 3.8 Dodging
 - Level 0.2 Stealth
 + Level 12.4 Unarmed Combat
 - Level 2.0 Spellcasting
 * Level 2.7 Hexes
 - Level 9.0 Transmutations
 - Level 4.0 Ice Magic
 - Level 1.2 Poison Magic


You couldn't memorise any spells.
You knew the following spells:

 Your Spells              Type           Power        Failure   Level  Hunger
a - Beastly Appendage     Tmut           #####.       1%          1    #......
b - Sticks to Snakes      Tmut           #####...     1%          2    ###....
c - Spider Form           Tmut/Pois      ####......   1%          3    ###....
d - Ice Form              Ice/Tmut       ####....     1%          4    #####..
e - Confusing Touch       Hex            ###.....     2%          3    ###....

Your spell library contained the following spells:

 Spells                   Type           Power        Failure   Level  Hunger
 Corona                   Hex            ###....      1%          1    #......
 Ensorcelled Hibernation  Hex/Ice        ###...       1%          2    ###....
 Blade Hands              Tmut           #####.....   1%          5    ######.
 Tukima's Dance           Hex            ###.....     2%          3    ###....
 Petrify                  Tmut/Erth      ####....     3%          4    #####..
 Dazzling Flash           Conj/Hex       ###...       4%          3    ###....
 Yara's Violent Unravell  Hex/Tmut       ####......   5%          5    ######.
 Gell's Gravitas          Tloc           ##........   7%          3    ###....
 Cause Fear               Hex            ###.......   7%          4    #####..
 Metabolic Englaciation   Hex/Ice        ###.......   14%         5    ######.
 Silence                  Hex/Air        ###.......   30%         5    ######.
 Deflect Missiles         Chrm/Air       ##........   90%         6    #######
 Discord                  Hex            ###.......   100%        8    #######


Dungeon Overview and Level Annotations

Branches:
Dungeon (9/15)             Temple (0/1) D:6            Lair (0/6) D:8
    Orc: D:9-12

Altars:
Cheibriados
Fedhas
Hepliaklqana
Okawaru
Qazlal
Ru

Shops:
D:7 %

Annotations:
D:6 1 runed translucent door


Innate Abilities, Weirdness & Mutations

((You can breathe wild blasts of lightning.))
((Your glossy black scales are hard. (AC +7)))
You cannot fit into any form of body armour.
((You are resistant to electric shocks. (rElec)))
((You are cold-blooded and may be slowed by cold attacks.))
Your life essence is reduced to manifest your ancestor. (-10% HP)


Message History

The red ugly thing barely misses you.
You feel better. The red ugly thing barely misses you.
You hit the red ugly thing. You freeze the red ugly thing.
The red ugly thing is almost dead.
You pummel the red ugly thing!! You freeze the red ugly thing.
You kill the red ugly thing!
You hit the brown ugly thing. You freeze the brown ugly thing.
The brown ugly thing is almost dead.
The brown ugly thing trunk-slaps you.
* * * LOW HITPOINT WARNING * * *
You are splashed with acid!
* * * LOW HITPOINT WARNING * * *
You punch the brown ugly thing! You freeze the brown ugly thing.
You kill the brown ugly thing!
You feel your intelligence returning. The killer bee stings you.
* * * LOW HITPOINT WARNING * * *
As you read the scroll of teleportation, it crumbles to dust.
You feel strangely unstable. The killer bee stings you!
You die...

#####R....)......
#.R##..........
######...#..#...†.
#..........##...<.
#.#########.......
#.# #.#..... #.#
##..#... #.#
####... #Y# #####.
#######y# ##...#.
#...y#uy# #.R#...
#.#.#!#yy# #..#.##
#...GO.h# ##.#.#
§..#..'.!# #####
.#....'.##
#.#.#.#.#
.#!...#.#


You could see a brown ugly thing, a glowing orange brain, a black bear, an ogre
and 4 killer bees.

Vanquished Creatures
  4 ugly things (D:9)
  2 hornets (D:8)
  A wyvern (D:9)
  A steam dragon (D:5)
  2 wargs (D:8)
  2 phantoms
  3 orc warriors
  An ice beast (D:5)
  2 ogres
  4 centaurs
  2 big kobolds
  2 bullfrogs
  A scorpion (D:5)
  A water moccasin skeleton (D:8)
  2 killer bees (D:9)
  2 wights (D:7)
  2 howler monkeys
  3 crimson imps
  4 orc priests
  A bullfrog skeleton (D:6)
  2 centaur skeletons
  4 hounds
  3 jellies
  9 orc wizards
  An iguana (D:5)
  10 worker ants
  A hound skeleton (D:4)
  5 adders
  2 shadow imps (D:5)
  An adder skeleton (D:5)
  5 worms
  4 dart slugs
  2 leopard geckos
  32 orcs
  A ball python (D:1)
  7 giant cockroaches
  12 goblins
  5 hobgoblins
  5 jackals
  A quokka (D:2)
  8 bats
  4 frilled lizards
  A jackal zombie (D:8)
  10 kobolds
  A quokka zombie (D:9)
  6 rats
184 creatures vanquished.

Vanquished Creatures (collateral kills)
  Erica (D:9)
  Psyche (D:8)
  A komodo dragon (D:8)
  A soldier ant (D:8)
  2 sky beasts
  A centaur (D:8)
  A bullfrog (D:8)
  2 killer bees (D:9)
  2 wights (D:7)
  A centaur zombie (D:9)
  2 hounds
  An orc priest (D:8)
  2 orc wizards
  2 iguanas
  A hound skeleton (D:5)
  A worker ant zombie (D:8)
  An adder (D:3)
  An ooze (D:3)
  6 orcs
  A giant cockroach (D:6)
  A goblin (D:3)
  2 quokkas
  2 bats (D:3)
  2 kobolds
  A butterfly (D:6)
39 creatures vanquished.

Vanquished Creatures (others)
  An orc priest (D:6)
  A knight (D:9)
  2 ancestors
4 creatures vanquished.

Grand Total: 227 creatures vanquished

Notes
Turn   | Place    | Note
-------+----------+-------------------------------------------
     0 | D:1      | Fukker the Draconian Transmuter began the quest for the
                  | Orb.
     0 | D:1      | Reached XP level 1. HP: 16/16 MP: 3/3
    52 | D:1      | Reached XP level 2. HP: 23/23 MP: 1/5
    56 | D:1      | Learned a level 2 spell: Sticks to Snakes
   332 | D:1      | Reached skill level 4 in Unarmed Combat
   389 | D:1      | You fall into a shaft and drop 1 floor!
   478 | D:2      | Reached XP level 3. HP: 23/28 MP: 6/6
   559 | D:2      | Learned a level 3 spell: Spider Form
  1075 | D:2      | Found a hazy altar of Hepliaklqana.
  1078 | D:2      | Became a worshipper of Hepliaklqana the Forgotten
  1169 | D:2      | Reached XP level 4. HP: 25/31 MP: 0/7
  1436 | D:3      | Reached skill level 5 in Unarmed Combat
  1635 | D:3      | Reached XP level 5. HP: 36/36 MP: 0/8
  1894 | D:3      | Found an iron altar of Okawaru.
  2005 | D:3      | You fall into a shaft and drop 2 floors!
  2005 | D:5      | Entered Level 5 of the Dungeon
  2076 | D:5      | Reached skill level 1 in Poison Magic
  2440 | D:3      | Found a blossoming altar of Fedhas.
  2552 | D:4      | Reached XP level 6. HP: 36/42 MP: 7/9
  2571 | D:4      | Reached * piety under Hepliaklqana
  3206 | D:5      | Reached skill level 6 in Unarmed Combat
  3310 | D:5      | Noticed a steam dragon
  3321 | D:5      | Killed a steam dragon
  3321 | D:5      | Your scales start taking on a glossy black colour.
  3321 | D:5      | Reached XP level 7. HP: 43/46 MP: 1/10
  3321 | D:5      | Gained mutation: You are resistant to electric shocks.
                  | (rElec) [Black Draconian growth]
  3376 | D:5      | Reached skill level 7 in Unarmed Combat
  3376 | D:5      | Reached skill level 5 in Transmutations
  3861 | D:6      | Learned a level 4 spell: Ice Form
  4255 | D:6      | Reached XP level 8. HP: 52/53 MP: 6/11
  4349 | D:6      | Found a runed translucent door.
  4350 | D:6      | Found a runed translucent door.
  4434 | D:6      | Reached skill level 8 in Unarmed Combat
  4434 | D:6      | Reached skill level 1 in Ice Magic
  4504 | D:6      | Found a staircase to the Ecumenical Temple.
  4529 | D:6      | Found a stormy altar of Qazlal.
  4755 | D:6      | Reached ** piety under Hepliaklqana
  4756 | D:6      | Remembered your ancestor Sextus as a knight
  5272 | D:7      | Found a snail-covered altar of Cheibriados.
  5273 | D:7      | Found Xisewed's Food Boutique.
  5727 | D:7      | Reached skill level 9 in Unarmed Combat
  6622 | D:7      | Reached XP level 9. HP: 57/57 MP: 6/12
  6635 | D:7      | HP: 2/68 [wight/+2 mace (10)]
  6645 | D:7      | HP: 1/68 [wight/+0 long sword (9)]
  6929 | D:8      | Found a staircase to the Lair.
  7185 | D:8      | Noticed Psyche
  7201 | D:8      | Killed Psyche
  7224 | D:8      | Noticed a komodo dragon
  7233 | D:8      | Reached skill level 10 in Unarmed Combat
  7242 | D:8      | Killed a komodo dragon
  7558 | D:8      | Found a stormy altar of Qazlal.
  7735 | D:8      | Reached skill level 11 in Unarmed Combat
  7735 | D:8      | Reached XP level 10. HP: 15/63 MP: 2/13
  8092 | D:8      | Reached *** piety under Hepliaklqana
  8570 | D:9      | Learned a level 3 spell: Confusing Touch
  8623 | D:9      | Found a sacrificial altar of Ru.
  8899 | D:9      | Noticed Erica
  8907 | D:9      | Reached skill level 1 in Hexes
  8929 | D:9      | Upgraded the game from 0.25-a0-458-g6fc7858b95 to
                  | 0.25-a0-474-ga8a2ee3166
  8929 | D:9      | Killed Erica
  9218 | D:9      | Found a runed translucent gate.
  9219 | D:9      | Found a runed translucent gate.
  9219 | D:9      | Found a runed translucent gate.
  9220 | D:9      | Noticed a white ugly thing
  9221 | D:9      | Noticed a white ugly thing
  9221 | D:9      | Noticed a brown ugly thing
  9221 | D:9      | Noticed a brown ugly thing
  9221 | D:9      | Noticed a glowing orange brain
  9221 | D:9      | Noticed a red ugly thing
  9246 | D:9      | Killed a white ugly thing
  9246 | D:9      | Reached skill level 12 in Unarmed Combat
  9252 | D:9      | Killed a brown ugly thing
  9266 | D:9      | Killed a red ugly thing
  9268 | D:9      | Killed a brown ugly thing
  9269 | D:9      | Slain by a killer bee

Levels and vault maps discovered:
D:1:      beargit_arrival_greenhouse, layout_basic, serial_forest,
          infiniplex_forest_lined_corner, infiniplex_forest_lined_2,
          infiniplex_forest_clump_large, infiniplex_forest_clump_small,
          infiniplex_forest_straight_2, minmay_tromino_v4_c
D:2:      layout_rooms, lemuel_doored_altar, first_ration
D:3:      layout_loops_ring, okawaru_gym_becter, fedhas_altar_fruit_tree
D:4:      layout_loops_ring
D:5:      layout_rooms
D:6:      lemuel_insect_pit, layout_rooms, temple_green, grunt_qazlal_clouds
D:7:      layout_layer_cave, serial_shops, nicolae_shop_statue_plus, basic_altar
D:8:      layout_basic, lemuel_crystal_altar, erik_lair_orcish_takeover,
          hangedman_pestilent_swarm, feat_on_display, uniq_psyche
D:9:      layout_big_octagon, nicolae_ru_great_annihilating_truth,
          ploomutoo_gammafunk_ghost_potion_laboratory, uniq_erica

Skill      XL: |  1  2  3  4  5  6  7  8  9 10 |
---------------+-------------------------------+-----
Unarmed Combat | 4 5 6 7 9 11 12 | 12.4
Transmutations | 3 4 5 7 8 9 |  9.0
Poison Magic   | 1 |  1.2
Ice Magic      | 2 4 |  4.0
Dodging        | 3 |  3.8
Hexes          | 2 |  2.7
Fighting       | 3 |  3.5
Stealth        | |  0.2
Spellcasting   | |  2.0

Action                   |  1- 3 |  4- 6 |  7- 9 | 10-12 || total
-------------------------+-------+-------+-------+-------++-------
Melee: Unarmed           |   113 |   145 |   278 |    99 ||   635
       Headbutt          |     2 |     8 |     1 |     1 ||    12
       Tailslap          |     4 |     8 |     8 |     6 ||    26
       Kick              |     3 |     2 |     3 |       ||     8
       Punch             |     1 |     1 |     5 |     1 ||     8
Throw: Stone             |       |       |     2 |       ||     2
 Cast: Beastly Appendage |     8 |    11 |    12 |     1 ||    32
       Spider Form       |     3 |     8 |    13 |     4 ||    28
       Sticks to Snakes  |     1 |     1 |     3 |     3 ||     8
       Ice Form          |       |       |     8 |     3 ||    11
       Confusing Touch   |       |       |       |     1 ||     1
Invok: Recall Ancestor   |       |     1 |     2 |       ||     3
       Ancestor Life: Kn |       |       |     1 |       ||     1
 Abil: Breathe Lightning |       |       |     4 |       ||     4
  Use: Scroll            |       |     3 |     8 |     5 ||    16
       Potion            |       |       |     4 |     3 ||     7
 Stab: Distracted        |       |       |     2 |     1 ||     3
       Sleeping          |       |       |     1 |       ||     1
       Confused          |       |       |       |     2 ||     2
       Paralysed         |       |       |       |     1 ||     1
  Eat: Chunk             |     1 |    10 |     5 |     6 ||    22
       Ration            |       |       |     4 |       ||     4
Armor: Skin              |    34 |    32 |    53 |    39 ||   158
Dodge: Dodged            |    84 |   108 |   172 |    66 ||   430

Table legend:
 A = Non-vault XP
 B = Vault XP
 C = Vault XP percentage of total XP
 D = Non-vault monster count
 E = Vault monster count
 F = Vault count percentage of total count
                 A         B        C        D         E       F
            +---------+---------+-------+---------+---------+-------
      Total |    5495 |    4961 |  47.4 |     190 |      33 |  14.8
            +---------+---------+-------+---------+---------+-------
        D:1 |      38 |       0 |   0.0 |      22 |       0 |   0.0
        D:2 |      60 |       0 |   0.0 |      19 |       0 |   0.0
        D:3 |     210 |       0 |   0.0 |      28 |       0 |   0.0
        D:4 |     107 |       0 |   0.0 |       4 |       0 |   0.0
        D:5 |     774 |       0 |   0.0 |      19 |       0 |   0.0
        D:6 |     454 |     242 |  34.8 |      24 |      11 |  31.4
        D:7 |    1165 |       0 |   0.0 |      27 |       0 |   0.0
        D:8 |    1216 |    1721 |  58.6 |      22 |      13 |  37.1
        D:9 |    1471 |    2998 |  67.1 |      25 |       9 |  26.5
            +---------+---------+-------+---------+---------+-------
